Map: Oxide LE

Players

Astrea - Winner!

  • Race: Protoss Protoss
  • League: Master
  • Spawn Location: 7:00

Namshar

  • Race: Zerg Zerg
  • League: Grandmaster
  • Spawn Location: 1:00

Event: DreamHack SC2 Masters 2020 Winter

VOD

Have the link to the VOD?

Description

Time

  • Played on: Oct. 31, 2020, 5:29 p.m.
  • Length: 5:39

All games in this series

Show
View Real Time Build Order
Export as new Build Order

Astrea Protoss - Winner!

Build Orders: 1 Gate Expand, Mass Adepts 

Get SALT Encoding   

  12  0:00  Probe  
  13  0:12  Probe  
  14  0:17  Pylon  
  14  0:24  Probe  
  15  0:30  Assimilator  
  15  0:36  Probe (Chrono Boost)  
  16  0:44  Gateway  
  16  0:48  Probe (Chrono Boost)  
  17  0:53  Probe (Chrono Boost)  
  18  1:03  Probe  
  19  1:15  Probe  
  20  1:22  Nexus  
  20  1:31  Cybernetics Core  
  20  1:35  Probe  
  21  1:40  Assimilator  
  21  1:47  Probe  
  21  1:50  Pylon  
  22  2:00  Probe (Chrono Boost)  
  23  2:07  Adept (Chrono Boost)  
  24  2:09  Warp Gate, Probe (Chrono Boost)  
  24  2:14  Probe (Chrono Boost)  
  26  2:18  Twilight Council  
  27  2:26  Probe  
  27  2:28  Stalker (Chrono Boost)  
  28  2:34  Probe  
  31  2:38  Probe  
  32  2:45  Robotics Facility  
  32  2:47  Probe  
  33  2:53  Probe  
  34  3:02  Gateway  
  34  3:04  Gateway, Resonating Glaives (Chrono Boost)  
  34  3:11  Probe  
  34  3:12  Probe  
  36  3:23  Gateway  
  36  3:24  Gateway  
  36  3:30  Warp Prism (Chrono Boost)  
  38  3:37  Pylon  
  38  3:40  Probe x2  
  40  3:52  Probe x2  
  42  3:58  Adept x3  
  42  3:59  Observer  
  42  4:01  Pylon  
  49  4:04  Probe  
  50  4:17  Adept  
  50  4:18  Adept  
  50  4:19  Adept  
  50  4:20  Adept x2  
  50  4:23  Pylon  
  60  4:41  Adept x3  
  60  4:42  Adept x2  
  68  5:00  Pylon x2  
  62  5:08  Adept x5  
  62  5:10  Probe  
  69  5:22  Probe  
  69  5:23  Probe  
  69  5:24  Assimilator  
Show
View Real Time Build Order
Export as new Build Order

Namshar Zerg 

Build Orders: Hatch First 

Get SALT Encoding   

  12  0:00  Drone  
  13  0:13  Overlord  
  13  0:17  Drone  
  14  0:31  Drone x2  
  16  0:48  Hatchery  
  15  0:51  Drone  
  15  0:54  Drone  
  17  0:58  Drone  
  18  1:08  Extractor  
  17  1:13  Spawning Pool  
  17  1:17  Drone  
  17  1:19  Drone  
  18  1:28  Drone  
  19  1:39  Drone  
  20  1:50  Drone  
  21  2:00  Queen x2  
  21  2:01  Zergling x2, Overlord  
  26  2:10  Drone  
  26  2:11  Drone  
  26  2:12  Metabolic Boost  
  28  2:22  Drone  
  29  2:26  Zergling x2  
  30  2:33  Hatchery  
  29  2:39  Drone, Overlord  
  29  2:47  Queen  
  29  2:48  Drone  
  32  2:56  Zergling x2  
  32  2:57  Drone x2  
  35  3:09  Drone x6  
  41  3:13  Overlord  
  41  3:18  Drone  
  42  3:27  Spore Crawler  
  42  3:28  Drone  
  42  3:31  Queen  
  42  3:32  Queen  
  46  3:34  Drone  
  47  3:42  Drone, Overlord  
  47  3:45  Drone  
  47  3:46  Drone x3  
  52  3:53  Drone x2  
  54  3:59  Overlord  
  54  4:01  Spore Crawler  
  54  4:02  Roach Warren  
  52  4:06  Drone  
  53  4:11  Zergling x8, Overlord  
  57  4:17  Spore Crawler, Zergling x2  
  57  4:18  Zergling x4  
  57  4:23  Zergling x6  
  61  4:27  Zergling x4  
  61  4:30  Spine Crawler  
  62  4:36  Zergling x4  
  62  4:43  Roach x5  
  71  4:52  Roach x4  
  75  5:00  Zergling x2, Roach  
  63  5:08  Roach  
  60  5:17  Roach  
Tags
 
Add a new tag
Caveats
  • Supply blocks, unpowered buildings, or Contaminate may cause inaccurate times.
  • Supply counts are checked every 10 seconds.